 Dungeon Crawl Stone Soup version 0.18-a0-1160-geb89fc2 (webtiles) character file.

336 st0uf the Shield-Bearer (level 6, -1/52 HPs)
             Began as a Draconian Fighter on Jan 24, 2016.
             Slain by Menkaure (7 damage)
             ... on level 4 of the Dungeon.
             The game lasted 00:14:39 (3401 turns).

st0uf the Shield-Bearer (Draconian Fighter)         Turns: 3401, Time: 00:14:39

Health: -1/52      AC:  6    Str: 18    XL:     6   Next: 28%
Magic:  6/6        EV: 12    Int:  8    God:
Gold:   156        SH: 11    Dex: 13    Spells: 0 memorised, 5 levels left

rFire  + . .     SeeInvis .       - Unarmed
rCold  . . .     Gourm    .     (armour unavailable)
rNeg   . . .     Faith    .     a - +0 shield
rPois  .         Spirit   .     (helmet restricted)
rElec  .         Dismiss  .     (no cloak)
rCorr  .         Reflect  +     (no gloves)
SustAt .         Harm     .     (no boots)
MR     .....                    l - +2 amulet of reflection
Stlth  +.........               (no ring)
                                d - ring of protection from fire

@: not resistant to hostile enchantments, very unstealthy
A: unfitting armour, cold-blooded, AC +6
a: no special abilities


You were on level 4 of the Dungeon.
You were hungry.

You visited 1 branch of the dungeon, and saw 4 of its levels.

You collected 156 gold pieces.

Inventory:

Missiles
 v - 7 tomahawks (quivered)
Armour
 a - a +0 shield (worn)
Jewellery
 d - a ring of protection from fire (left hand)
 l - a +2 amulet of reflection (around neck)
 s - an uncursed amulet of dismissal
Wands
 q - a wand of paralysis (2/24)
Scrolls
 e - 3 scrolls of identify {unknown}
 f - 3 scrolls of blinking {unknown}
 n - a scroll of amnesia {unknown}
 o - 2 scrolls of teleportation {unknown}
 r - a scroll of remove curse {unknown}
 u - a scroll of fear {unknown}
Potions
 b - a potion of might
 g - a potion of mutation {unknown}
 h - a potion of curing {unknown}
 i - a potion of resistance {unknown}
 j - a potion of invisibility {unknown}
 p - 2 potions of poison {unknown}
 t - a potion of haste {unknown}
Comestibles
 c - 4 bread rations
 k - a meat ration
 m - a chunk of flesh


   Skills:
 + Level 4.2 Fighting
 + Level 4.3 Dodging
 + Level 4.7 Shields
 + Level 3.3 Unarmed Combat


You had 5 spell levels left.
You didn't know any spells.

Dungeon Overview and Level Annotations

Branches:
Dungeon (4/15)
 Temple: D:4-7

Altars:
Dithmenos
Gozag
Makhleb
Ru

Annotations:
D:3 Sigmund
D:4 Menkaure


Innate Abilities, Weirdness & Mutations

Your plain brown scales are hard (AC +6).
Your body does not fit into most forms of armour.
You are cold-blooded and may be slowed by cold attacks.


Message History

Menkaure misses you.
You hit Menkaure but do no damage.
Menkaure is severely damaged.
Menkaure hits you!!
* * * LOW HITPOINT WARNING * * *
You punch Menkaure! You tail-slap Menkaure.
Menkaure is almost destroyed.
Menkaure barely misses you. You block Menkaure's attack.
You hit Menkaure but do no damage.
Menkaure is almost destroyed.
You block Menkaure's attack.
You barely miss Menkaure.
Menkaure is almost destroyed.
Menkaure casts a spell at you. Pain shoots through your body!
* * * LOW HITPOINT WARNING * * *
Your shield prevents you from hitting Menkaure.
Menkaure is almost destroyed.
Menkaure hits you!
You die...

#....#.# ##
#......# #.
######....### #.
..........#######.
####.....#.......
#.....#.......
#.....#.......
######.....#......#
#<@M..............#
########..###.#####
#..# #.##### #<.#
#......
.......#####
#########


You could see Menkaure.

Vanquished Creatures
  A hound (D:3)
  Ijyb (D:2)
  Natasha (thrice) (D:3)
  2 worker ants (D:3)
  Robin (D:3)
  7 adders
  An ooze (D:3)
  A worm (D:2)
  4 orcs (D:3)
  3 giant cockroaches
  17 goblins
  10 hobgoblins
  4 jackals
  5 kobolds
  A ball python (D:1)
  9 bats
  3 giant newts
  7 rats
80 creatures vanquished.

Vanquished Creatures (others)
  A goblin (D:3)
1 creature vanquished.

Grand Total: 81 creatures vanquished

Notes
Turn   | Place    | Note
--------------------------------------------------------------
     0 | D:1      | st0uf the Draconian Fighter began the quest for the Orb.
     0 | D:1      | Reached XP level 1. HP: 19/19 MP: 1/1
   310 | D:1      | Reached XP level 2. HP: 26/26 MP: 2/2
   937 | D:2      | Reached XP level 3. HP: 33/33 MP: 3/3
   954 | D:2      | Found a shadowy altar of Dithmenos.
  1512 | D:2      | Reached XP level 4. HP: 40/40 MP: 4/4
  1548 | D:3      | Noticed Ijyb
  1548 | D:3      | Paralysed by Ijyb for 7 turns
  1569 | D:2      | Paralysed by Ijyb for 5 turns
  1577 | D:2      | Paralysed by Ijyb for 4 turns
  1584 | D:2      | Killed Ijyb
  1584 | D:2      | Reached skill level 4 in Fighting
  1809 | D:3      | Found a burning altar of Makhleb.
  2062 | D:3      | Reached XP level 5. HP: 44/46 MP: 5/5
  2195 | D:3      | Noticed Natasha
  2221 | D:3      | Killed Natasha
  2253 | D:3      | Noticed Natasha
  2482 | D:3      | Killed Natasha
  2660 | D:3      | Noticed Sigmund
  2718 | D:3      | Noticed Robin
  2759 | D:3      | Killed Robin
  2796 | D:3      | Noticed Natasha
  2812 | D:3      | Killed Natasha
  2970 | D:3      | Found a sacrificial altar of Ru.
  2977 | D:3      | Found an opulent altar of Gozag.
  2983 | D:3      | Reached XP level 6. HP: 47/52 MP: 6/6
  3080 | D:4      | Noticed Menkaure
  3401 | D:4      | Slain by Menkaure

Vault maps used:
D:1:      grunt_arrival_lava_bath
D:2:      wad_pebble_path, first_bread, nrook_uturn, nrook_mini_vaults,
          nicolae_dithmenos_through_a_glass_darkly
D:3:      minmay_goblin_kobold_castle, lemuel_crystal_altar,
          grunt_temple_overflow_open, minmay_surrounded, uniq_natasha,
          uniq_iyjb, uniq_sigmund, uniq_robin
D:4:      minmay_door_path, uniq_menkaure, uniq_duvessa, uniq_edmund

Action                   |  1- 3 |  4- 6 || total
-------------------------+-------+-------++-------
Melee: Unarmed           |   152 |   264 ||   416
  Eat: Chunk             |     2 |     6 ||     8
